 Dungeon Crawl Stone Soup version 0.19-a0-994-g3c636f0 (webtiles) character file.

763 mistymad the Poker (level 7, -16/56 HPs)
             Began as a Merfolk Monk on July 15, 2016.
             Was a Believer of Fedhas.
             Demolished by an ogre
             ... wielding a +0 giant spiked club
              (25 damage)
             ... on level 4 of the Dungeon.
             The game lasted 00:08:18 (3670 turns).

mistymad the Poker (Merfolk Monk)                   Turns: 3670, Time: 00:08:18

Health: -16/56     AC:  8    Str: 14    XL:     7   Next: 81%
Magic:  7/7        EV:  9    Int:  9    God:    Fedhas [**....]
Gold:   53         SH:  5    Dex: 16    Spells: 0 memorised, 6 levels left

rFire  . . .     SeeInvis .     f - +0 trident
rCold  . . .     Gourm    .     n - +0 ring mail
rNeg   . . .     Faith    .     p - +0 buckler
rPois  .         Spirit   .     (no helmet)
rElec  .         Dismiss  .     i - +0 cloak
rCorr  .         Reflect  .     r - +0 pair of gloves
SustAt .         Harm     .     v - +0 pair of boots
MR     .....                    (no amulet)
Stlth  +.........               (no ring)
                                a - ring of wizardry

@: not resistant to hostile enchantments, very unstealthy
A: change form in water, swift swim
a: Evolution, Sunlight, Renounce Religion


You were on level 4 of the Dungeon.
You worshipped Fedhas.
Fedhas was pleased with you.
You were not hungry.

You visited 1 branch of the dungeon, and saw 4 of its levels.

You collected 118 gold pieces.
You spent 65 gold pieces at shops.

Inventory:

Hand Weapons
 f - a +0 trident (weapon)
Armour
 i - a +0 cloak (worn)
 n - a +0 ring mail (worn)
 p - a +0 buckler (worn)
 r - a +0 pair of gloves (worn)
 v - a +0 pair of boots (worn)
Jewellery
 a - a ring of wizardry (left hand)
Wands
 u - a wand of confusion (8/48)
Scrolls
 e - 4 scrolls of fear
Potions
 g - a potion of berserk rage {unknown}
 j - a potion of ambrosia {unknown}
 k - a potion of lignification
 l - 2 potions of mutation
 q - 3 potions of beneficial mutation {unknown}
 s - a potion of brilliance {unknown}
 t - a potion of magic {unknown}
Comestibles
 b - 4 fruits
 c - 5 bread rations
 d - 2 meat rations
 m - 2 royal jellies


   Skills:
 + Level 5.3 Fighting
 + Level 6.9 Polearms
 + Level 2.6 Armour
 + Level 6.3 Dodging
 - Level 2.1 Stealth
 + Level 3.2 Shields


You had 6 spell levels left.
You didn't know any spells.

Dungeon Overview and Level Annotations

Branches:
Dungeon (4/15)
 Temple: D:4-7

Altars:
Cheibriados
Dithmenos
Fedhas
Kikubaaqudgha
Makhleb
Vehumet
Zin

Shops:
D:4 %

Annotations:
D:2 Sigmund


Message History

The ogre is moderately wounded.
You block the ogre's attack.
You hit the ogre but do no damage.
The ogre is moderately wounded.
You barely miss the ogre.
The ogre is moderately wounded.
The ogre hits you with a giant spiked club!!
Ouch! That really hurt!
You take 31 damage, and have 25/56 hp.
MASSIVE DAMAGE!!
You closely miss the ogre.
The ogre is moderately wounded.
The ogre hits you with a giant spiked club!!
* * * LOW HITPOINT WARNING * * *
You take 19 damage, and have 6/56 hp.
MASSIVE DAMAGE!!
You are too injured to fight recklessly!
You are too injured to fight recklessly!
There is a stone staircase leading up here.
The ogre hits you with a giant spiked club!!
You die...
Fedhas appreciates your contribution to the ecosystem.

..............# ..#....#(...
####...(..###...#### #........#.#
##........###....# ##......##..
#รท......#..# #.###?......##.#
#.[.....##.## #.#............#
#.)(....##..## #)#..........###
...#.....####..# #[#.........####
.#......## ##.###.#......#..###.
....##..# ##.O@...........#....
...# >..# #..........#..###.###
... #.##....##...#.#....###.# #
... .##.####..#.........##.# .#
.....##...###......#...)# .
.........(.......#>##..## .#.
..............##....##..#### .#.
##..........................#
...##...........................#


You could see an ogre.

Vanquished Creatures
  Pikel (D:4)
  A slave (D:4)
  A centaur (D:4)
  An orc priest (D:4)
  2 iguanas
  An orc wizard (D:4)
  Natasha (D:2)
  A worker ant (D:4)
  3 adders
  An ooze (D:1)
  A worm (D:2)
  2 dart slugs
  4 giant geckos
  6 orcs (D:4)
  2 ball pythons
  A giant cockroach (D:2)
  6 hobgoblins (D:1)
  8 jackals
  A quokka (D:2)
  5 bats
  3 giant newts
  7 goblins
  4 kobolds
  5 rats
68 creatures vanquished.

Vanquished Creatures (others)
  30 toadstools
30 creatures vanquished.

Grand Total: 98 creatures vanquished

Notes
Turn   | Place    | Note
-------+----------+-------------------------------------------
     0 | D:1      | mistymad the Merfolk Monk began the quest for the Orb.
     0 | D:1      | Reached XP level 1. HP: 18/18 MP: 1/1
     6 | D:1      | Noticed a rime drake
     6 | D:1      | Noticed a polar bear
     6 | D:1      | Noticed a crocodile
   159 | D:1      | Reached XP level 2. HP: 24/24 MP: 2/2
   861 | D:1      | Reached XP level 3. HP: 30/30 MP: 3/3
  1223 | D:2      | Found an ancient bone altar of Kikubaaqudgha.
  1237 | D:2      | Found a blossoming altar of Fedhas.
  1238 | D:2      | Found a shadowy altar of Dithmenos.
  1239 | D:2      | Found a radiant altar of Vehumet.
  1242 | D:2      | Became a worshipper of Fedhas Madash
  1242 | D:2      | Reached * piety under Fedhas
  1242 | D:2      | Reached ** piety under Fedhas
  1244 | D:2      | Found a snail-covered altar of Cheibriados.
  1245 | D:2      | Found a burning altar of Makhleb.
  1247 | D:2      | Found a glowing silver altar of Zin.
  1294 | D:2      | Noticed Natasha
  1308 | D:2      | Killed Natasha
  1308 | D:2      | Reached skill level 5 in Polearms
  1308 | D:2      | Reached XP level 4. HP: 26/37 MP: 4/4
  1658 | D:2      | Reached skill level 1 in Shields
  1698 | D:2      | Reached skill level 1 in Armour
  1719 | D:2      | Noticed Sigmund
  2021 | D:3      | Reached XP level 5. HP: 41/42 MP: 5/5
  2550 | D:4      | Reached skill level 5 in Dodging
  2803 | D:4      | Found Motwomea's Food Shop.
  2807 | D:4      | Noticed a centaur
  2825 | D:4      | Killed a centaur
  2825 | D:4      | Reached XP level 6. HP: 27/49 MP: 6/6
  2964 | D:4      | Bought a royal jelly for 20 gold pieces
  2964 | D:4      | Bought 3 fruits for 45 gold pieces
  3016 | D:4      | Noticed a slave
  3037 | D:4      | Noticed a slave
  3040 | D:4      | Noticed Pikel
  3074 | D:4      | Noticed a slave
  3075 | D:4      | Noticed a slave
  3376 | D:4      | Killed a slave
  3381 | D:4      | Killed Pikel
  3381 | D:4      | Reached skill level 5 in Fighting
  3381 | D:4      | Reached XP level 7. HP: 17/56 MP: 7/7
  3670 | D:4      | Demolished by an ogre

Vault maps used:
D:1:      onia_arrival_zoo_common, minmay_misc_feat_rows
D:2:      minitemple, ecumenical_altar_1, first_bread, uniq_sigmund,
          uniq_natasha
D:4:      serial_shops, shop, uniq_pikel

Skill      XL: |  1  2  3  4  5  6 |
---------------+-------------------+-----
Fighting       | 4 5 |  5.3
Polearms       | 5 6 |  6.9
Shields        | 1 2 3 |  3.2
Armour         | 1 2 |  2.6
Dodging        | 5 6 |  6.3
Stealth        | |  2.1

Action                   |  1- 3 |  4- 6 |  7- 9 || total
-------------------------+-------+-------+-------++-------
Melee: Spear             |   107 |   101 |       ||   208
       Trident           |       |   160 |    12 ||   172
Evoke: Wand              |       |    13 |       ||    13
  Use: Scroll            |       |    10 |       ||    10
       Potion            |       |     1 |       ||     1
 Stab: Sleeping          |     4 |     5 |     1 ||    10
       Distracted        |       |     1 |       ||     1
       Confused          |       |     8 |       ||     8
  Eat: Chunk             |     1 |     7 |     1 ||     9
Armor: Leather armour    |    18 |    55 |       ||    73
Dodge: Dodged            |    55 |   127 |     4 ||   186
Block: Buckler           |       |    20 |     1 ||    21
